 Dungeon Crawl Stone Soup version 0.28-a0-563-gf77a47075d (webtiles) character file.

Game seed: 5834402646912340312

13407 robertstho the Thaumaturge (level 12, -26/83 HPs)
             Began as a Djinni Fire Elementalist on Sept 30, 2021.
             Was an Initiate of Gozag.
             Killed from afar by an oklob plant (28 damage)
             ... with a splash of acid
             ... on level 1 of the Lair of Beasts.
             The game lasted 00:24:14 (16407 turns).

robertstho the Thaumaturge (DjFE)                  Turns: 16407, Time: 00:24:14

Health: -26/83     AC: -2    Str: 10    XL:     12   Next: 32%
Gold:   324        EV: 25    Int: 23    God:    Gozag SH:  7 Dex: 13

rFire   + + .      SeeInvis +   E - +8 spear of Certain Death {venom, Fly rC- Will+ Str+3}
rCold   x x .      Faith    .   q - +0 kite shield
rNeg    . . .      Spirit   .   e - +2 robe {Archmagi}
rPois   ∞          Reflect  .   n - +0 helmet
rElec   .          Harm     .   k - +0 cloak
rCorr   .          Rampage  .   (no gloves)
Will    +++..      Archmagi +   (boots unavailable)
Stlth   ++........              i - amulet of the acrobat
HPRegen 0.23/turn               s - ring of willpower
MPRegen 0.00/turn               w - ring of see invisible

@: corroded, acrobatic, flying
A: sickness immunity, fire resistance 2, cold vulnerability 1, float, innate
caster, hp casting, extra vitality 1
a: Renounce Religion, Potion Petition, Call Merchant, Bribe Branch


You were on level 1 of the Lair of Beasts.
You worshipped Gozag.
Gozag was aware of your devotion.
You visited 3 branches of the dungeon, and saw 12 of its levels.
You also visited: Bailey.

You collected 2079 gold pieces.
You spent 963 gold pieces at shops.
You paid 792 gold pieces to Gozag.

Inventory:

Hand Weapons
 b - a +0 dagger
 E - the +8 spear of Certain Death (weapon) {venom, Fly rC- Will+ Str+3}
   (You bought it in a shop on level 8 of the Dungeon)

   It poisons the flesh of those it strikes.
   Str:       It affects your strength (+3).
   rC:        It makes you vulnerable to cold.
   Fly:       It grants you flight.
   Will:      It increases your willpower.
Armour
 e - a +2 robe of the Archmagi (worn)
 k - a +0 cloak (worn)
 n - a +0 helmet (worn)
 q - a +0 kite shield (worn)
Jewellery
 i - an amulet of the acrobat (around neck)
 p - a ring of positive energy
 s - a ring of willpower (left hand)
 w - a ring of see invisible (right hand)
Wands
 x - a wand of acid (8)
 y - a wand of charming (3)
 B - a wand of flame (34)
 C - a wand of digging (4)
 G - a wand of iceblast (13)
 H - a wand of mindburst (15)
Scrolls
 a - a scroll of fog
 c - a scroll of fear
 f - 2 scrolls of immolation
 h - a scroll of teleportation
 l - 3 scrolls of silence
 m - 2 scrolls of summoning
 u - a scroll of blinking
 z - 3 scrolls of enchant weapon
 F - a scroll of torment
 I - a scroll of vulnerability {unknown}
Potions
 d - a potion of ambrosia {unknown}
 g - 2 potions of brilliance
 j - 3 potions of mutation
 o - 4 potions of flight {unknown}
 r - a potion of magic {unknown}
 t - a potion of berserk rage {unknown}
 v - 8 potions of curing
 A - 5 potions of might
 D - a potion of cancellation {unknown}


   Skills:
 * Level 6.2 Fighting
 + Level 2.6 Short Blades
 + Level 0.8 Polearms
 + Level 4.4 Dodging
 + Level 3.5 Stealth
 + Level 0.5 Shields
 * Level 13.2 Spellcasting


You had 9 spell levels left.
You knew the following spells:

 Your Spells              Type           Power      Damage    Failure   Level
a - Foxfire               Conj/Fire      100%       2x1d9     1%          1
b - Scorch                Fire           100%       2d10      1%          2
c - Conjure Flame         Conj/Fire      85%        6-21      1%          3
d - Inner Flame           Hex/Fire       85%        N/A       1%          3
e - Flame Wave            Conj/Fire      85%        3d14      1%          4
f - Animate Skeleton      Necr           100%       N/A       1%          1
g - Wereblood             Tmut           85%        N/A       1%          2
h - Mephitic Cloud        Conj/Pois/Air  85%        N/A       1%          3
i - Sticky Flame          Conj/Fire      85%        2d10      1%          4
j - Iskenderun's Battles  Conj           85%        2d13      3%          5
Your spell library was empty.

Dungeon Overview and Level Annotations

Branches:
Dungeon (10/15)            Temple (1/1) D:6            Lair (1/6) D:8
 Bailey (visited)
    Orc: D:9-12

Altars:
Ashenzari
Cheibriados
Dithmenos
Elyvilon
Fedhas
Gozag
Hepliaklqana
Kikubaaqudgha
Makhleb
Nemelex Xobeh
Okawaru
Qazlal
Ru
Sif Muna
Trog
Uskayaw
Vehumet
Wu Jian
Xom
Yredelemnul
The Shining One

Shops:
D:8 *   D:9 *   D:10 !

Annotations:
D:5 1 runed translucent door, runemasterragnar's ghost, weakling DjDe
D:6 3 runed translucent doors, lunkers's ghost, novice DjCA
Lair:1 exclusion: oklob plant


Innate Abilities, Weirdness & Mutations

You are immune to sickness and miasma.
You are immune to poison.
Your flesh is very heat resistant. (rF++)
You are vulnerable to cold. (rC-)
You float through the air rather than walking.
You learn spells naturally, not from books.
Your magical power is your life essence.
You have superior vitality. (+4 HP)


Message History

Key pressed, stopping explore.
HP restored.
You now have 243 gold pieces (gained 6).
You now have 260 gold pieces (gained 17).
You now have 264 gold pieces (gained 4).
You now have 269 gold pieces (gained 5).
Found a stone staircase leading down.
There is a dry fountain here.
You now have 282 gold pieces (gained 13).
Found a stone staircase leading down.
Found 19 sling bullets.
You now have 298 gold pieces (gained 16).
You now have 313 gold pieces (gained 15).
You now have 324 gold pieces (gained 11).
H - a wand of mindburst (15)
I - a scroll labelled IPSOBE UWKITZ
Found a spear.
An oklob plant comes into view.
The oklob plant spits acid at you. The splash of acid hits you!!
The acid corrodes you!
Marking area around an oklob plant as unsafe for travelling.
Casting: Flame Wave (mildly dangerous; 1% risk of failure)
Confirm with . or Enter, or press ? or * to list all spells.
You feel a surge of power!
You conjure a globe of magical energy.
Found a glowing golden altar of the Shining One.
The oklob plant spits acid at you. The splash of acid hits you!!
The acid corrodes you! The oklob plant spits acid at you.
The splash of acid hits you!!
* * * LOW HITPOINT WARNING * * *
The acid corrodes you! The oklob plant spits acid at you.
The splash of acid misses you.
Casting: Iskenderun's Battlesphere (dangerous; 3% risk of failure)
Confirm with . or Enter, or press ? or * to list all spells.
You don't have enough health to cast this spell.
The oklob plant spits acid at you. The splash of acid hits you!!
You die...
Your body crumbles into a pile of gold.

......# ##...
............####...
##..................
###...................
#.................####
##.................#
##.................##
#...P..............#
#..P_P.@...........#
....P..*..........##
..................#
.................##
.................#
........^.......##
.####.......#####
##.###### ##


You could see an oklob plant and a friendly battlesphere.

Vanquished Creatures
  A hydra (D:10)
  2 orc knights (Bailey)
  Pikel (D:5)
  A salamander (shapeshifter) (D:10)
  Maurice (D:8)
  Joseph (D:8)
  An unseen horror (D:10)
  A komodo dragon (D:8)
  2 trolls (D:9)
  Grinder (D:4)
  2 hornets
  Grum (D:8)
  11 yaks
  3 wyverns
  A steam dragon (D:9)
  2 water moccasins (Lair:1)
  9 orc warriors
  A sky beast (D:6)
  5 necrophages
  An ice beast (D:5)
  A black bear (D:4)
  8 ogres
  4 centaurs
  8 wolves
  4 lemures (D:5)
  A phantom (D:5)
  5 bullfrogs
  5 kobold brigands
  A scorpion (D:7)
  22 killer bees
  7 wights
  A howler monkey (D:8)
  A centaur zombie (D:9)
  4 hounds
  A bullfrog skeleton (D:5)
  3 centaur skeletons
  An orc priest (D:7)
  5 gnoll shamans
  A jelly (D:5)
  Crazy Yiuf (D:2)
  3 iguanas
  5 orc wizards
  A killer bee zombie (D:8)
  A howler monkey zombie (D:9)
  20 gnolls
  8 adders
  3 white imps
  An ufetubus (D:4)
  An adder zombie (D:5)
  5 worms
  2 dart slugs
  25 orcs
  13 endoplasms
  3 giant cockroaches
  16 goblins
  11 hobgoblins
  4 jackals (D:2)
  14 kobolds
  2 quokkas
  5 ball pythons
  5 bats
  4 frilled lizards
  A quokka skeleton (D:4)
  6 rats
  A spectral kobold (D:1)
292 creatures vanquished.

Vanquished Creatures (others)
  A butterfly (D:7)
  146 foxfires
  18 fungi
  50 plants
  3 toadstools (D:5)
218 creatures vanquished.

Grand Total: 510 creatures vanquished

Notes
Turn   | Place    | Note
-------+----------+-------------------------------------------
     0 | D:1      | robertstho the Djinni Fire Elementalist began the quest for
                  | the Orb.
     0 | D:1      | Reached XP level 1. HP: 15/15 MP: 0/0
   168 | D:1      | Reached XP level 2. HP: 7/21 MP: 0/0
   494 | D:1      | You are sucked into a shaft and drop 1 floor!
   511 | D:2      | Reached skill level 3 in Spellcasting
   584 | D:2      | Reached XP level 3. HP: 4/26 MP: 0/0
   584 | D:2      | Learned a level 1 spell: Animate Skeleton
  1308 | D:1      | Found a faded altar of an unknown god.
  1868 | D:2      | You are sucked into a shaft and drop 2 floors!
  2208 | D:2      | Reached XP level 4. HP: 29/31 MP: 0/0
  2754 | D:2      | Found a runed translucent door.
  2755 | D:2      | Noticed Crazy Yiuf
  3066 | D:2      | Killed Crazy Yiuf
  3384 | D:3      | Reached XP level 5. HP: 22/36 MP: 0/0
  3384 | D:3      | Learned a level 2 spell: Wereblood
  3615 | D:3      | Reached skill level 4 in Spellcasting
  3887 | D:3      | Reached skill level 1 in Fighting
  4176 | D:3      | Found a blossoming altar of Fedhas.
  4631 | D:4      | Reached XP level 6. HP: 32/43 MP: 0/0
  4738 | D:4      | Noticed a black bear
  4745 | D:4      | Killed a black bear
  5135 | D:4      | HP: 2/43 [bullfrog (6)]
  5139 | D:4      | Reached skill level 5 in Spellcasting
  5139 | D:4      | Reached XP level 7. HP: 20/49 MP: 0/0
  5139 | D:4      | Learned a level 3 spell: Mephitic Cloud
  5851 | D:4      | Noticed Grinder
  5856 | D:4      | Killed Grinder
  5857 | D:4      | Reached skill level 6 in Spellcasting
  5857 | D:4      | Reached XP level 8. HP: 49/55 MP: 0/0
  6096 | D:5      | Entered Level 5 of the Dungeon
  6683 | D:5      | Reached skill level 7 in Spellcasting
  6710 | D:5      | Noticed Pikel
  6717 | D:5      | Killed Pikel
  6718 | D:5      | Reached skill level 8 in Spellcasting
  6718 | D:5      | Reached XP level 9. HP: 14/62 MP: 0/0
  6718 | D:5      | Learned a level 4 spell: Sticky Flame
  7362 | D:5      | Noticed runemasterragnar's ghost (weakling DjDe)
  7365 | D:5      | Found a runed translucent door.
  7633 | D:6      | Reached skill level 1 in Short Blades
  7670 | D:6      | Found a staircase to the Ecumenical Temple.
  7695 | Temple   | Entered the Ecumenical Temple
  7831 | Temple   | Became a worshipper of Gozag Ym Sagoz the Greedy
  7935 | D:6      | Found a runed translucent gate.
  8598 | D:6      | Found a runed translucent gate.
  8598 | D:6      | Found a runed translucent gate.
  8601 | D:6      | Noticed lunkers's ghost (novice DjCA)
  8845 | D:7      | Found a white marble altar of Elyvilon.
  8906 | D:7      | Reached skill level 9 in Spellcasting
  9255 | D:7      | Reached XP level 10. HP: 36/68 MP: 0/0
 10510 | D:7      | Reached skill level 10 in Spellcasting
 11002 | D:7      | Reached skill level 5 in Fighting
 11166 | D:8      | Found a sparkling altar of Nemelex Xobeh.
 11182 | D:8      | Found a flagged portal.
 11200 | Bailey   | Entered a bailey
 11200 | Bailey   | Noticed an orc knight
 11202 | Bailey   | Noticed an orc knight
 11202 | Bailey   | Noticed an orc knight
 11205 | Bailey   | Killed an orc knight
 11205 | Bailey   | Killed an orc knight
 11206 | Bailey   | Reached XP level 11. HP: 45/76 MP: 0/0
 11206 | Bailey   | Learned a level 5 spell: Iskenderun's Battlesphere
 11211 | Bailey   | Noticed an orc knight
 11536 | D:8      | Reached skill level 11 in Spellcasting
 11874 | D:8      | Noticed Joseph
 11886 | D:8      | Killed Joseph
 12117 | D:8      | Found a snail-covered altar of Cheibriados.
 12217 | D:8      | Found a shadowy altar of Dithmenos.
 12218 | D:8      | Noticed Maurice
 12253 | D:8      | Killed Maurice
 12344 | D:8      | Noticed Grum
 12347 | D:8      | Killed Grum
 12350 | D:8      | Reached skill level 12 in Spellcasting
 12501 | D:8      | Found a basalt altar of Yredelemnul.
 12503 | D:8      | Noticed a profane servitor
 12512 | D:8      | Found a glowing golden altar of the Shining One.
 12647 | D:8      | Found Daerchuto's Assorted Antiques.
 12650 | D:8      | Bought 2 lumpy ruby potions for 52 gold pieces
 12650 | D:8      | Bought a smoky blue potion for 26 gold pieces
 12650 | D:8      | Bought a crystal spear for 232 gold pieces
 12650 | D:8      | Identified the +8 spear of Certain Death {venom, Fly rC-
                  | Will+ Str+3} (You bought it in a shop on level 8 of the
                  | Dungeon)
 12650 | D:8      | Bought a scroll of identify for 58 gold pieces
 12808 | D:8      | Found a staircase to the Lair.
 12984 | D:8      | Noticed an angel
 13941 | D:9      | Found a hazy altar of Hepliaklqana.
 14509 | D:9      | Bought a potion of heal wounds for 90 gold pieces
 14509 | D:9      | Bought a potion of curing for 54 gold pieces
 14527 | D:10     | Entered Level 10 of the Dungeon
 14547 | D:10     | Reached XP level 12. HP: 72/82 MP: 0/0
 14598 | D:10     | Found Quudoex Yxet's Distillery.
 14609 | D:10     | Bought 2 potions of curing for 66 gold pieces
 14609 | D:10     | Bought a potion of curing for 33 gold pieces
 14609 | D:10     | Bought a potion of might for 44 gold pieces
 14609 | D:10     | Bought 2 potions of mutation for 176 gold pieces
 14609 | D:10     | Bought a potion of lignification for 33 gold pieces
 14609 | D:10     | Bought a potion of curing for 33 gold pieces
 14609 | D:10     | Bought a potion of curing for 33 gold pieces
 14609 | D:10     | Bought a potion of attraction for 33 gold pieces
 14795 | D:10     | Noticed a six-headed hydra
 14801 | D:10     | Killed a six-headed hydra
 14808 | D:10     | Reached skill level 13 in Spellcasting
 16115 | Lair:1   | Entered Level 1 of the Lair of Beasts
 16402 | Lair:1   | Found a glowing golden altar of the Shining One.
 16405 | Lair:1   | HP: 1/83 [oklob plant/splash of acid (30)]
 16407 | Lair:1   | Killed from afar by an oklob plant

Illustrated notes

Levels and vault maps discovered:
D:1:      saegor_arrival_miasma, layout_basic,
          dreamdust_ecumenical_altar_drowned_temple, st_stairs_6,
          amethyst_killhole, chequers_serial_rivers_small_a,
          minmay_small_reverse_x
D:2:      layout_basic, hex_large, uniq_crazy_yiuf_cottage
D:3:      corexii_shack_village, layout_loops_ring, fedhas_altar_fruit_tree,
          minmay_close_crescents
D:4:      layout_loops_cross, uniq_grinder
D:5:      layout_rooms, kiku_gazebo_pond_becter, hellmonk_ghost_happy_afterlife,
          ebering_dispersal_statue_hall, minmay_gold_behind_fungi,
          hangedman_abyss_or_decor_stagger, uniq_pikel
D:6:      layout_loops_ring, lemuel_doored_altar,
          minmay_temple_entry_junction_2, gammafunk_ghost_necromancy
D:7:      kennysheep_seaside_town, layout_loops_corners,
          nicolae_elyvilon_peaceful_grove, serial_co_window_serial,
          co_window_paths_a, co_window_paths_b, co_window_paths_b,
          co_window_of_opportunity_a, co_window_of_opportunity_a,
          co_window_of_opportunity_a, co_window_corner_a, co_window_paths_a,
          co_window_cross_1, co_window_unsneaky_path_b, co_window_2corner,
          co_window_cross_4, co_window_2corner, glass_columns_b,
          glass_columns_c, glass_columns_c, glass_columns_b
D:8:      layout_basic, grunt_temple_overflow_holy_war, lemuel_tele_altar,
          old_standard_altar, nemelex_xobeh_ov_fountains_minmay,
          david_lair_shrubbed, enter_bailey_5, serial_shops, kennysheep_mini,
          dk_noncrumbling_4, kennysheep_generic_room_10, uniq_joseph, uniq_grum,
          uniq_maurice
D:9:      layout_gridville, nzn_hepliaklqana_mist_gate
D:10:     layout_stronghold, serial_shops, nicolae_diamond_shop, minmay_bent
Temple:   minmay_temple_bridge_abc
Lair:1:   layout_cave_pods, lemuel_oklob_altar, grunt_megastairs_3

Skill      XL: |  1  2  3  4  5  6  7  8  9 10 11 12 |
---------------+-------------------------------------+-----
Spellcasting   | 3 4 5 6 8 9 10 12 13 | 13.2
Fighting       | 1 2 3 4 5 6 |  6.2
Stealth        | 2 3 |  3.5
Dodging        | 3 4 |  4.4
Short Blades   | 2 |  2.6
Polearms       | |  0.8
Shields        | |  0.5

Action                   |  1- 3 |  4- 6 |  7- 9 | 10-12 || total
-------------------------+-------+-------+-------+-------++-------
Melee: Dagger            |     9 |    15 |    43 |       ||    67
       Spear             |       |       |       |    15 ||    15
 Cast: Foxfire           |    35 |    23 |     6 |    22 ||    86
       Scorch            |    26 |    61 |    91 |    73 ||   251
       Flame Wave        |       |     1 |    10 |    44 ||    55
       Mephitic Cloud    |       |       |       |    14 ||    14
       Iskenderun's Batt |       |       |       |    16 ||    16
       Sticky Flame      |       |       |       |     1 ||     1
Invok: Call Merchant     |       |       |       |     1 ||     1
Evoke: Wand              |       |       |       |     3 ||     3
  Use: Potion            |       |     2 |     1 |     1 ||     4
       Scroll            |       |       |     7 |     6 ||    13
 Stab: Sleeping          |     2 |       |       |     1 ||     3
Armor: Robe              |     2 |    13 |    27 |    13 ||    55
Dodge: Dodged            |    13 |    20 |    57 |    81 ||   171
Block: Kite shield       |       |       |       |    14 ||    14

Table legend: (Time is in decaauts)
 A = Elapsed time spent in this place.
 B = Non-inter-level travel time spent in this place.
 C = Inter-level travel time spent in this place.
 D = Time resting spent in this place.
 E = Time spent auto-exploring this place.
 F = Levels seen in this place.
 G = Mean time per level.
                   A        B        C        D        E       F      G
               +--------+--------+--------+--------+--------+-----+--------+
         Total |  16411 |  15918 |    493 |   1348 |  12924 |  13 | 1262.4 |
       Dungeon |  15947 |  15474 |    473 |   1348 |  12529 |  10 | 1594.7 |
        Temple |    155 |    136 |     19 |      0 |    126 |   1 |  155.0 |
          Lair |    292 |    292 |      0 |      0 |    269 |   1 |  292.0 |
        Bailey |     15 |     15 |      0 |      0 |      0 |   1 |   15.0 |
               +--------+--------+--------+--------+--------+-----+--------+

Top non-repeatable levels by time:
     D:7: 2112 daAuts
     D:4: 2009 daAuts
     D:2: 1945 daAuts
     D:8: 1920 daAuts
     D:3: 1557 daAuts
    D:10: 1552 daAuts
     D:9: 1511 daAuts
     D:6: 1290 daAuts
     D:1: 1061 daAuts
     D:5: 987 daAuts
  Lair:1: 292 daAuts
  Temple: 155 daAuts
  Bailey: 15 daAuts
